 Dungeon Crawl Stone Soup version 0.21.1-1-g345015f (webtiles) character file.

833 Opti87 the Ducker (level 7, -5/32 HPs)
             Began as a Spriggan Venom Mage on May 22, 2018.
             Slain by an ice beast (11 damage)
             ... on level 5 of the Dungeon.
             The game lasted 00:36:49 (6324 turns).

Opti87 the Ducker (Spriggan Venom Mage)             Turns: 6324, Time: 00:36:50

Health: -5/32      AC:  2    Str:  4    XL:     7   Next: 65%
Magic:  12/15      EV: 22    Int: 19    God:
Gold:   174        SH:  0    Dex: 16    Spells: 10/16 levels left

rFire    . . .     SeeInvis +   A - +2 short sword (vamp)
rCold    . . .     Gourm    .   (shield restricted)
rNeg     . . .     Faith    .   a - +0 robe
rPois    .         Spirit   .   (helmet restricted)
rElec    .         Reflect  .   (no cloak)
rCorr    .         Harm     .   (gloves unavailable)
MR       +....                  (boots unavailable)
Stlth    +++.......             p - amulet of regeneration
HPRegen  0.50/turn              (no ring)
MPRegen  0.14/turn              (no ring)

@: very quick
A: very small, unfitting armour, see invisible, herbivore, speed 3, slow
metabolism 2
a: no special abilities


You were on level 5 of the Dungeon.
You were not hungry.

You visited 1 branch of the dungeon, and saw 5 of its levels.

You collected 174 gold pieces.

Inventory:

Hand Weapons
 i - a +0 dagger
 A - a +2 vampiric short sword (weapon)
Missiles
 f - 259 stones (quivered)
Armour
 a - a +0 robe (worn)
 c - a +0 pair of boots
 y - a +2 cloak
 z - a +1 pair of gloves
Jewellery
 k - an uncursed ring of protection from cold {unknown}
 m - an uncursed amulet of rage {unknown}
 o - a +5 ring of protection {unknown}
 p - an amulet of regeneration (around neck)
 q - an uncursed amulet of rage {unknown}
 C - a +3 ring of dexterity {unknown}
Wands
 u - a wand of disintegration (18)
Scrolls
 d - 3 scrolls of remove curse {unknown}
 e - a scroll of immolation {unknown}
 l - 2 scrolls of teleportation {unknown}
 t - a scroll of fog {unknown}
 w - a scroll of amnesia
 x - a scroll of enchant weapon {unknown}
 B - a scroll of identify {@r1}
Potions
 g - a potion of flight {unknown}
 h - 2 potions of degeneration {unknown}
 j - 2 potions of haste
 n - a potion of cancellation {unknown}
 r - 5 potions of brilliance
 s - 3 potions of lignification {unknown}
 v - a potion of resistance {unknown}
Books
 b - a Young Poisoner's Handbook

   Spells                             Type                      Level
   a - Sting                          Conjuration/Poison           1
   b - Poisonous Vapours              Poison/Air                   2
   c - Mephitic Cloud                 Conjuration/Poison/Air       3
   d - Olgreb's Toxic Radiance        Poison                       4
   e - Venom Bolt                     Conjuration/Poison           5
Comestibles
 D - 6 chunks of flesh
 E - a ration


   Skills:
 + Level 2.6 Short Blades
 + Level 6.2 Dodging
 - Level 5.1 Stealth
 + Level 5.3 Spellcasting
 + Level 2.8 Conjurations
 + Level 4.8 Poison Magic


You had 10 spell levels left.
You knew the following spells:

 Your Spells              Type           Power        Failure   Level  Hunger
a - Sting                 Conj/Pois      ###.         2%          1    None
b - Mephitic Cloud        Conj/Pois/Air  ##......     12%         3    ##.....
d - Poisonous Vapours     Pois/Air       ##....       7%          2    None


Dungeon Overview and Level Annotations

Branches:
Dungeon (5/15)
 Temple: D:4-7

Altars:

Shops:
D:4 [


Innate Abilities, Weirdness & Mutations

You are very small and have problems with some larger weapons.
You are too small for most types of armour.
You have supernaturally acute eyesight. (SInv)
You are a herbivore.
You cover ground extremely quickly.
You need consume almost no food.


Message History

The ice beast is severely wounded.
The ice beast completely misses you. The ice beast barely misses you.
You hit the ice beast.
The ice beast is severely wounded.
The ice beast closely misses you. The ice beast barely misses you.
You closely miss the ice beast.
The ice beast is severely wounded.
The ice beast completely misses you. The ice beast hits you.
The ice beast freezes you.
You see here a short sword.
You see here 4 gold pieces.
You closely miss the ice beast.
The ice beast is severely wounded.
The ice beast hits you. The ice beast freezes you!
You hit the ice beast but do no damage.
The ice beast is severely wounded.
The ice beast closely misses you. The ice beast hits you.
* * * LOW HITPOINT WARNING * * *
The ice beast freezes you!
You die...

#..#.# #.. .o.. ....
#....#..... ##.. ....
#....#..... ... .....
#..)....... ... .....
#........... ..
......#.......... .
......#.(....... #
........$...##.#########
.....#@Y)..#.....#.....
### #.Y...#.....'.....
#.................
#.#+#.#...........
.......+......#.....
...#....##...####..##
....+....##...........
... #.......#######.##
.. .....+...# #.#


You could see 2 ice beasts.

Vanquished Creatures
  A centaur zombie (D:5)
  An ogre (D:4)
  A scorpion (D:4)
  2 orc priests
  An iguana (D:5)
  An orc wizard (D:4)
  6 worker ants
  A howler monkey zombie (D:5)
  5 adders
  3 worms
  2 dart slugs
  4 leopard geckos
  12 orcs
  2 bats (D:1)
  2 giant cockroaches
  7 hobgoblins
  6 jackals
  A ball python (D:2)
  5 frilled lizards
  5 goblins
  A jackal skeleton (D:5)
  4 kobolds
  A quokka skeleton (D:4)
  4 rats
78 creatures vanquished.

Notes
Turn   | Place    | Note
-------+----------+-------------------------------------------
     0 | D:1      | Opti87 the Spriggan Venom Mage began the quest for the Orb.
     0 | D:1      | Reached XP level 1. HP: 9/9 MP: 5/5
   311 | D:1      | Reached XP level 2. HP: 13/13 MP: 1/6
  1006 | D:2      | Reached skill level 1 in Conjurations
  1175 | D:2      | Reached XP level 3. HP: 16/16 MP: 2/8
  1792 | D:1      | Reached XP level 4. HP: 16/21 MP: 6/10
  2090 | D:2      | Reached skill level 4 in Dodging
  2390 | D:1      | Learned a level 3 spell: Mephitic Cloud
  2395 | D:1      | Learned a level 4 spell: Olgreb's Toxic Radiance
  3934 | D:3      | Learned a level 2 spell: Poisonous Vapours
  3959 | D:3      | Reached XP level 5. HP: 24/24 MP: 6/11
  4403 | D:4      | Reached skill level 5 in Stealth
  4498 | D:4      | Reached XP level 6. HP: 23/28 MP: 1/13
  5102 | D:4      | Reached skill level 5 in Dodging
  5578 | D:4      | Found Daoff's Antique Armour Shop.
  5609 | D:4      | Reached skill level 1 in Short Blades
  5882 | D:5      | Entered Level 5 of the Dungeon
  6097 | D:5      | Reached skill level 6 in Dodging
  6097 | D:5      | Reached skill level 5 in Spellcasting
  6097 | D:5      | Reached XP level 7. HP: 6/32 MP: 10/15
  6324 | D:5      | Slain by an ice beast

Skill      XL: |  1  2  3  4  5  6 |
---------------+-------------------+-----
Spellcasting   | 3 4 5 |  5.3
Conjurations   | 1 2 |  2.8
Stealth        | 4 5 |  5.1
Dodging        | 4 6 |  6.2
Poison Magic   | 4 |  4.8
Short Blades   | 2 |  2.6

Action                   |  1- 3 |  4- 6 |  7- 9 || total
-------------------------+-------+-------+-------++-------
Melee: Dagger            |    10 |   105 |       ||   115
       Short sword       |       |    93 |    22 ||   115
Throw: Stone             |     1 |     5 |       ||     6
 Cast: Sting             |    58 |    95 |     7 ||   160
       Poisonous Vapours |       |    15 |       ||    15
       Mephitic Cloud    |       |     2 |       ||     2
  Use: Scroll            |       |     4 |       ||     4
 Stab: Sleeping          |       |    12 |       ||    12
  Eat: Ration            |       |     4 |     1 ||     5
Armor: Robe              |     2 |    21 |       ||    23
Dodge: Dodged            |    19 |   177 |    21 ||   217
